 Dungeon Sprint DCSS version 0.22.1-1-ga44c0e56f4 (webtiles) character file.

171 MuseOD the Covert (level 5, 0/24 HPs)
             Began as a Spriggan Enchanter on Sept 22, 2018.
             Slain by a necrophage (2 damage)
             ... in the Dungeon (Sprint II: "The Violet Keep of Menkaure").
             The game lasted 00:00:34 (52 turns).

MuseOD the Covert (Spriggan Enchanter)                Turns: 52, Time: 00:00:35

Health: 0/24       AC:  2    Str:  4    XL:     5   Next: 26%
Magic:  10/10      EV: 18    Int: 17    God:
Gold:   0          SH:  0    Dex: 17    Spells: 8/9 levels left

rFire    . . .     SeeInvis +   a - +1 dagger
rCold    . . .     Gourm    .   (shield restricted)
rNeg     . . .     Faith    .   b - +0 robe
rPois    .         Spirit   .   (helmet restricted)
rElec    .         Reflect  .   (no cloak)
rCorr    .         Harm     .   (gloves unavailable)
MR       .....     NoTele   +   (boots unavailable)
Stlth    +++++.....             (no amulet)
HPRegen  0.08/turn              (no ring)
MPRegen  0.12/turn              (no ring)

@: berserk cooldown, hasted and slowed, very quick
A: very small, unfitting armour, see invisible, herbivore, speed 3, slow
metabolism 2
a: no special abilities


You were in the Dungeon.
You were not hungry.

You visited 1 branch

Inventory:

Hand Weapons
 a - a +1 dagger (weapon)
Armour
 b - a +0 robe (worn)
Scrolls
 j - a scroll of blinking
Potions
 h - 2 potions of magic
Comestibles
 d - a ration


   Skills:
 + Level 0.1 Fighting
 * Level 7.9 Short Blades
 - Level 3.0 Dodging
 + Level 12.7 Stealth
 - Level 2.6 Spellcasting
 - Level 3.6 Hexes


You had 8 spell levels left.
You knew the following spells:

 Your Spells              Type           Power        Failure   Level  Hunger
a - Corona                Hex            ##.....      4%          1    #......

Your spell library contained the following spells:

 Spells                   Type           Power        Failure   Level  Hunger
 Confuse                  Hex            ##......     12%         3    ###....
 Tukima's Dance           Hex            ##......     12%         3    ###....
 Ensorcelled Hibernation  Hex/Ice        #.....       13%         2    ##.....
 Dazzling Spray           Conj/Hex       #.....       26%         3    ###....


Dungeon Overview and Level Annotations

Branches:
Dungeon (1/1)

Altars:


Innate Abilities, Weirdness & Mutations

You are very small and have problems with some larger weapons.
You are too small for most types of armour.
You have supernaturally acute eyesight. (SInv)
You are a herbivore.
You cover ground extremely quickly.
You need to consume almost no food.


Message History

You hit the necrophage but do no damage.
The necrophage is severely damaged.
You barely miss the necrophage.
The necrophage is severely damaged.
The necrophage hits you.
* * * LOW HITPOINT WARNING * * *
You completely miss the necrophage.
The necrophage is severely damaged.
You barely miss the necrophage.
The necrophage is severely damaged.
The necrophage hits you but does no damage.
You barely miss the necrophage.
The necrophage is severely damaged.
The necrophage misses you.
You hit the necrophage.
The necrophage is almost destroyed.
You hit the necrophage but do no damage.
The necrophage is almost destroyed.
The necrophage hits you.
You die...

## ## ##. .##
..#m. # .$. #
##w #+# .##
#.w.##.##.w.#
#$+.<.+#
####@##.w$#
#n# .## #†n.#
# #..#..# ##.
.## ## ##


You could see 2 necrophages.

Vanquished Creatures
  2 necrophages (D)
2 creatures vanquished.

Notes
Turn   | Place    | Note
-------+----------+-------------------------------------------
     0 | D        | MuseOD the Spriggan Enchanter began the quest for the Orb.
     0 | D        | Reached XP level 1. HP: 9/9 MP: 5/5
     1 | D        | Noticed a tyrant leech
     1 | D        | Noticed a tyrant leech
     4 | D        | Noticed a merfolk siren
    10 | D        | Noticed a necrophage
    10 | D        | Noticed a necrophage
    10 | D        | Noticed a necrophage
    10 | D        | Noticed a necrophage
    15 | D        | Killed a necrophage
    15 | D        | Reached skill level 10 in Stealth
    15 | D        | Reached XP level 2. HP: 13/13 MP: 6/6
    15 | D        | Reached XP level 3. HP: 16/16 MP: 8/8
    15 | D        | Reached XP level 4. HP: 21/21 MP: 9/9
    23 | D        | Killed a necrophage
    23 | D        | Reached skill level 12 in Stealth
    23 | D        | Reached XP level 5. HP: 19/24 MP: 10/10
    47 | D        | HP: 1/24 [necrophage (3)]
    52 | D        | Slain by a necrophage

Skill      XL: |  1  2  3  4 |
---------------+-------------+-----
Short Blades   | 6 7 |  7.9
Stealth        | 10 12 | 12.7
Fighting       | |  0.1
Dodging        | |  3.0
Spellcasting   | |  2.6
Hexes          | |  3.6

Action                   |  1- 3 |  4- 6 || total
-------------------------+-------+-------++-------
Melee: Dagger            |     4 |    31 ||    35
  Use: Potion            |     1 |     3 ||     4
Armor: Robe              |       |     2 ||     2
Dodge: Dodged            |     1 |     9 ||    10
